 Dungeon Crawl Stone Soup version 0.18.1-1-g2f07953 (webtiles) character file.

1016 aurelian the Destroyer (level 8, -4/41 HPs)
             Began as a Tengu Conjurer on May 22, 2016.
             Was an Initiate of Vehumet.
             Slain by an ice beast (11 damage)
             ... on level 5 of the Dungeon.
             The game lasted 00:13:35 (6517 turns).

aurelian the Destroyer (Tengu Conjurer)             Turns: 6517, Time: 00:13:35

Health: -4/41      AC:  5    Str: 10    XL:     8   Next: 21%
Magic:  8/17       EV: 12    Int: 17    God:    Vehumet [......]
Gold:   225        SH:  0    Dex: 14    Spells: 5 memorised, 7 levels left

rFire  + . .     SeeInvis +     L - +0 blowgun
rCold  . . .     Gourm    .     I - +2 robe {rF+}
rNeg   + . .     Faith    .     (no shield)
rPois  +         Spirit   .     (helmet restricted)
rElec  .         Dismiss  .     Q - +0 cloak
rCorr  .         Reflect  .     (no gloves)
SustAt .         Harm     .     (boots unavailable)
MR     .....                    (no amulet)
Stlth  +++.......               R - ring "Zoawnoch" {rPois rN+ Slay+3}
                                f - ring of see invisible

@: not resistant to hostile enchantments, fairly stealthy
A: beak, talons 3, able to fly 1
a: Fly, Renounce Religion


You were on level 5 of the Dungeon.
You worshipped Vehumet.
Vehumet was noncommittal.
You were hungry.

You visited 2 branches of the dungeon, and saw 6 of its levels.

You collected 225 gold pieces.

Inventory:

Hand Weapons
 e - a +0 spear
 i - a +0 hunting sling
 u - a +1 trident of venom
 L - a +0 blowgun (weapon)
Missiles
 n - 184 stones
 A - 5 curare-tipped needles (quivered)
Armour
 a - a +0 robe
 y - a +0 robe of positive energy
 I - a +2 robe of fire resistance (worn)
 Q - a +0 cloak (worn)
Magical Staves
 P - an uncursed staff of air
Jewellery
 f - a ring of see invisible (left hand)
 o - a cursed ring of loudness {unknown}
 p - an uncursed amulet of rage
 R - the ring "Zoawnoch" (right hand) {rPois rN+ Slay+3}
   (You found it on level 4 of the Dungeon)

   [ring of positive energy]

   It affects your accuracy and damage with ranged weapons and melee attacks
   (+3).
   It protects you from poison.
   It protects you from negative energy.
Wands
 F - a wand of paralysis (2/24)
 H - a wand of digging (10/24)
Scrolls
 d - 2 scrolls of noise {unknown}
 h - a scroll of random uselessness {unknown}
 r - 2 scrolls of blinking {unknown}
 w - 2 scrolls of magic mapping {unknown}
 x - a scroll of enchant weapon {unknown}
 B - a scroll of fog {unknown}
 C - 2 scrolls of teleportation {unknown}
 D - 3 scrolls of remove curse
 M - a scroll of recharging {unknown}
Potions
 g - a potion of brilliance
 j - a potion of haste
 q - a potion of might {unknown}
 s - a potion of cancellation {unknown}
 t - a potion of ambrosia {unknown}
 v - a potion of lignification {unknown}
 E - a potion of magic
 G - a potion of curing
 J - 2 potions of flight
 K - a potion of resistance {unknown}
 S - 2 potions of agility {unknown}
Books
 b - a book of Conjurations

   Spells                             Type                      Level
   a - Magic Dart                     Conjuration                  1
   b - Searing Ray                    Conjuration                  2
   c - Dazzling Spray                 Conjuration/Hexes            3
   d - Fulminant Prism                Conjuration/Hexes            4
   e - Iskenderun's Mystic Blast      Conjuration                  4
   f - Iskenderun's Battlesphere      Conjuration/Charms           5
 N - a book of Cantrips

   Spells                             Type                      Level
   a - Corona                         Hexes                        1
   b - Animate Skeleton               Necromancy                   1
   c - Summon Small Mammal            Summoning                    1
   d - Apportation                    Translocation                1
Comestibles
 c - 5 bread rations
 k - 4 meat rations
 m - a slice of pizza
 O - 5 fruits


   Skills:
 - Level 2.1 Dodging
 + Level 4.0 Stealth
 + Level 5.9 Spellcasting
 + Level 9.6 Conjurations


You had 7 spell levels left.
You knew the following spells:

 Your Spells              Type           Power        Failure   Level  Hunger
a - Magic Dart            Conj           ####         1%          1    None
b - Searing Ray           Conj           #####.       1%          2    None
c - Dazzling Spray        Conj/Hex       ###.....     8%          3    ##.....
d - Iskenderun's Mystic   Conj           #####...     2%          4    ####...
e - Summon Small Mammal   Summ           #...         17%         1    None


Dungeon Overview and Level Annotations

Branches:
Dungeon (5/15)             Temple (1/1) D:5

Altars:
Ashenzari
Cheibriados
Dithmenos
Fedhas
Gozag
Makhleb
Qazlal
Ru
Sif Muna
Trog
Vehumet
Xom
The Shining One

Shops:
D:5 (}

Annotations:
D:4 ARFLORD's ghost, novice HuFi


Innate Abilities, Weirdness & Mutations

You have a beak for a mouth.
You have claws for feet.
You can fly.


Message History

The searing ray hits the ice beast.
The ice beast is heavily wounded.
Casting: Searing Ray
Confirm with . or Enter, or press ? or * to list all spells.
Aiming: Searing Ray
Press: ? - help, Shift-Dir - straight line, f/p - ice beast
Aim: an ice beast (heavily wounded)
The searing ray misses the ice beast.
The ice beast hits you. The ice beast freezes you!
The searing ray hits the ice beast.
The ice beast is severely wounded.
The ice beast hits you. The ice beast freezes you!
* * * LOW HITPOINT WARNING * * *
The searing ray hits the ice beast.
The ice beast is almost dead.
The ice beast hits you but does no damage.
The searing ray misses the ice beast.
The ice beast hits you.
* * * LOW HITPOINT WARNING * * *
The ice beast freezes you!
You die...

#...........##...# ####..†.#.
#.############..c###.........
#.# ######.#.....#...#... #.#
#.........####.....#. #.#
#...##...####...##.#. ##.#
####.##....###....#.....
#..####....##.#.##
#.#.##.#.#. #>......#.###.#.#
#.#.##..... #..######.###@#.#
#...##.#... #.##
#..##Y.#.####.####..... ###
##.#...##.##...# #.#...
##..#.####.#....# ##.....
#####..##.#......#.## #..#...
#.....##>..........# #......
#8...........#.##### #..#.#.
####........... #. ###......
#.8.∩.8........ . .........


You could see an ice beast.

Vanquished Creatures
  Sigmund (D:3)
  A sky beast (D:5)
  A centaur (D:5)
  A scorpion (D:4)
  A howler monkey (D:5)
  2 crimson imps (D:5)
  A giant frog zombie (D:5)
  5 hounds (D:4)
  A jelly (D:5)
  An orc wizard (D:3)
  Jessica (D:3)
  Terence (D:3)
  2 worker ants (D:4)
  Robin (D:4)
  4 gnolls
  4 adders
  2 oozes (D:1)
  2 worms (D:3)
  4 dart slugs
  3 giant geckos
  11 orcs
  2 ball pythons (D:4)
  8 bats
  4 giant cockroaches
  11 goblins
  7 hobgoblins
  4 jackals
  A quokka (D:3)
  A ball python skeleton (D:4)
  7 giant newts
  A jackal skeleton (D:5)
  5 kobolds
  A quokka skeleton (D:5)
  5 rats
107 creatures vanquished.

Notes
Turn   | Place    | Note
--------------------------------------------------------------
     0 | D:1      | aurelian the Tengu Conjurer began the quest for the Orb.
     0 | D:1      | Reached XP level 1. HP: 10/10 MP: 4/4
   171 | D:1      | Reached XP level 2. HP: 15/15 MP: 1/6
   439 | D:1      | Reached XP level 3. HP: 19/19 MP: 1/8
   501 | D:1      | Learned a level 2 spell: Searing Ray
   615 | D:1      | Reached skill level 6 in Conjurations
   989 | D:2      | Learned a level 3 spell: Dazzling Spray
  1002 | D:2      | Found a burning altar of Makhleb.
  1787 | D:3      | Noticed Jessica
  1799 | D:3      | Reached XP level 4. HP: 24/24 MP: 6/9
  1837 | D:3      | Killed Jessica
  2030 | D:3      | Gained mutation: You can fly. [Tengu growth]
  2030 | D:3      | Reached XP level 5. HP: 28/28 MP: 8/11
  2179 | D:3      | Found a shadowy altar of Dithmenos.
  2377 | D:3      | Reached skill level 7 in Conjurations
  2748 | D:3      | Noticed Sigmund
  2768 | D:3      | Killed Sigmund
  2768 | D:3      | Reached XP level 6. HP: 32/32 MP: 4/13
  2987 | D:3      | Noticed Terence
  2996 | D:3      | Killed Terence
  2996 | D:3      | Reached skill level 8 in Conjurations
  3125 | D:3      | Learned a level 4 spell: Iskenderun's Mystic Blast
  3356 | D:3      | Learned a level 1 spell: Summon Small Mammal
  3699 | D:4      | Noticed Robin
  3705 | D:4      | Killed Robin
  3705 | D:4      | Reached XP level 7. HP: 28/36 MP: 7/15
  3831 | D:4      | Noticed ARFLORD's ghost (novice HuFi)
  4056 | D:4      | Got a transparent brass ring
  4058 | D:4      | Identified the ring "Zoawnoch" {rPois rN+ Slay+3} (You found it on level 4 of the Dungeon)
  4367 | D:4      | Reached skill level 5 in Spellcasting
  4793 | D:4      | Reached skill level 9 in Conjurations
  4841 | D:5      | Entered Level 5 of the Dungeon
  5098 | D:5      | Found Buih's Antique Weapon Shoppe.
  5376 | D:5      | Reached XP level 8. HP: 41/41 MP: 11/17
  5500 | D:5      | Found a staircase to the Ecumenical Temple.
  5511 | Temple   | Entered the Ecumenical Temple
  5546 | Temple   | Became a worshipper of Vehumet
  5675 | D:5      | HP: 2/41 [centaur/arrow (9)]
  6460 | D:5      | Found Qozuptan's Gadget Boutique.
  6517 | D:5      | Slain by an ice beast

Skill      XL: |  1  2  3  4  5  6  7  8 |
---------------+-------------------------+-----
Conjurations   | 6 7 8 9 |  9.6
Spellcasting   | 3 4 5 |  5.9
Stealth        | 3 4 |  4.0
Dodging        | |  2.1

Action                   |  1- 3 |  4- 6 |  7- 9 || total
-------------------------+-------+-------+-------++-------
Melee: Trident           |     3 |     1 |       ||     4
 Fire: Blowgun           |       |     1 |       ||     1
 Cast: Magic Dart        |    63 |    57 |    66 ||   186
       Searing Ray       |     1 |    12 |    17 ||    30
       Iskenderun's Myst |       |     1 |     4 ||     5
Evoke: Wand              |       |     3 |       ||     3
  Use: Scroll            |       |       |     7 ||     7
  Eat: Chunk             |     3 |     6 |     7 ||    16
       Royal jelly       |       |       |     1 ||     1
Armor: Robe              |     1 |    10 |    14 ||    25
Dodge: Dodged            |     7 |    24 |    24 ||    55
